 Dungeon Crawl Stone Soup version 0.30.1-9-gdf580d7c3d (webtiles) character file.

Game seed: 14044456530809728115

117766 Ivernyr the Severer (level 17, -4/138 HPs)
             Began as a Formicid Fighter on Oct 8, 2023.
             Was the Champion of Zin.
             Killed from afar by kalagan's ghost (40 damage)
             ... with an iron shot
             ... on level 1 of the Elven Halls.
             The game lasted 01:36:36 (31315 turns).

Ivernyr the Severer (Formicid Fighter)             Turns: 31315, Time: 01:36:37

Health: -4/138     AC: 19    Str: 44    XL:     17   Next: 29%
Magic:  27/27      EV: 10    Int:  9    God:    Zin [******]
Gold:   2422       SH:  0    Dex: 13    Spells: 16/16 levels left

rFire   . . .        a - +9 executioner's axe (flame)
rCold   . . .        q - +0 kite shield
rNeg    . . .        b - +5 ring mail of the Cockroach {Str+4}
rPois   .            (helmet unavailable)
rElec   .            k - +1 cloak
rCorr   .            A - +0 pair of gloves
SInv    +            p - +0 pair of boots
Will    +....        h - amulet of reflection
Stlth   x              - +6 ring of strength
HPRegen 0.43/turn    d - +6 ring of strength
MPRegen 0.20/turn

%: reflection
@: confused, ambrosia-drunk, studying Transmutations
A: permanent stasis, dig shafts and tunnels, antennae 3, four strong arms
a: Dig, Shaft Self, Renounce Religion, Recite, Vitalisation, Imprison,
Sanctuary, Donate Gold


You were on level 1 of the Elven Halls.
You worshipped Zin.
Zin was exalted by your worship.
You visited 5 branches of the dungeon, and saw 24 of its levels.
You also visited: Bailey and Gauntlet.

You collected 2867 gold pieces.
You spent 234 gold pieces at shops.
You donated 211 gold pieces to Zin.

Inventory:

Hand Weapons
 a - a +9 executioner's axe of flaming (weapon)
Missiles
 o - 10 throwing nets
Armour
 b - the +5 ring mail of the Cockroach (worn) {Str+4}
   (You found it on level 2 of the Dungeon)

   Str:       It affects your strength (+4).
 k - a +1 cloak (worn)
 p - a +0 pair of boots (worn)
 q - a +0 kite shield (worn)
 A - a +0 pair of gloves (worn)
 P - +0 ice dragon scales
Jewellery
 d - a +6 ring of strength (right hand)
 g - a ring of flight
 h - an amulet of reflection (around neck)
 l - a ring of positive energy
 x - a +6 ring of strength (left hand)
 y - the ring of Joehumoc {rPois Will+ MP-9 Dex+3}
   (You found it in a Gauntlet)

   [ring of willpower]

   Dex:       It affects your dexterity (+3).
   rPois:     It protects you from poison.
   MP:        It affects your magic capacity (-9).
   Will:      It increases your willpower.
 J - a +4 ring of protection
 M - a ring of ice
 O - a ring of protection from fire
 R - a ring of resist corrosion
Wands
 c - a wand of paralysis (17)
 r - a wand of mindburst (29)
 t - a wand of roots (20)
 u - a wand of flame (21)
 B - a wand of quicksilver (7)
 F - a wand of digging (6)
Scrolls
 e - 3 scrolls of fear
 i - 7 scrolls of enchant armour
 j - 3 scrolls of summoning
 s - a scroll of silence
 v - 2 scrolls of blinking {unknown}
 D - 5 scrolls of fog
 G - 13 scrolls of identify
 I - 4 scrolls of magic mapping
 N - a scroll of enchant weapon
Potions
 f - 3 potions of curing
 m - 2 potions of mutation
 n - 8 potions of brilliance
 w - a potion of resistance
 z - 2 potions of attraction
 C - a potion of heal wounds {unknown}
 E - 4 potions of cancellation
 H - 9 potions of ambrosia
 K - 6 potions of flight {unknown}
 L - 4 potions of lignification {unknown}
 Q - a potion of magic {unknown}


   Skills:
 + Level 13.8 Fighting
 * Level 17.4 Axes
 + Level 13.9 Armour
 + Level 16.5 Shields
 + Level 14.0 Invocations


You had 16 spell levels left.
You didn't know any spells.
Your spell library contained the following spells:

 Spells                   Type           Power      Damage    Failure   Level
 Foxfire                  Conj/Fire      0%         2x1d4     52%         1
 Freeze                   Ice            0%         1d3       52%         1
 Sandblast                Erth           0%         2d4       52%         1
 Sting                    Tmut/Pois      0%         1d3       52%         1
 Call Imp                 Summ           0%         N/A       65%         2
 Ensorcelled Hibernation  Hex/Ice        0%         N/A       65%         2
 Passwall                 Tmut/Erth      0%         N/A       65%         2
 Poisonous Vapours        Pois/Air       0%         N/A       65%         2
 Frozen Ramparts          Ice            0%         1d1       87%         3
 Hailstorm                Conj/Ice       0%         3d3       87%         3
 Inner Flame              Hex/Fire       0%         N/A       87%         3
 Ozocubu's Armour         Ice            0%         N/A       87%         3
 Stone Arrow              Conj/Erth      0%         3d7       87%         3
 Anguish                  Hex/Necr       0%         N/A       99%         4
 Animate Armour           Summ/Erth      0%         N/A       99%         4
 Cause Fear               Hex            0%         N/A       99%         4
 Flame Wave               Conj/Fire      0%         2d4       99%         4
 Manifold Assault         Tloc           0%         N/A       99%         4
 Olgreb's Toxic Radiance  Pois           0%         N/A       99%         4
 Passage of Golubria      Tloc           0%         N/A       99%         4
 Petrify                  Tmut/Erth      0%         N/A       99%         4
 Sticky Flame             Conj/Fire      0%         2d3       99%         4
 Arcjolt                  Conj/Air       0%         1d10      100%        5
 Fireball                 Conj/Fire      0%         3d3       100%        5
 Metabolic Englaciation   Hex/Ice        0%         N/A       100%        5
 Silence                  Hex/Air        0%         N/A       100%        5
 Simulacrum               Ice/Necr       0%         N/A       100%        6
 Statue Form              Tmut/Erth      0%         N/A       100%        6
 Dragon Form              Tmut           0%         N/A       100%        7
 Enfeeble                 Hex            0%         N/A       100%        7
 Storm Form               Tmut/Air       0%         N/A       100%        7
 Lehudib's Crystal Spear  Conj/Erth      0%         10d2      100%        8
 Maxwell's Capacitive Co  Air            0%         ∞         100%        8
 Dragon's Call            Summ           0%         N/A       100%        9
 Blink                    Tloc           Unusable   N/A       N/A         2
 Vhi's Electric Charge    Tloc/Air       Unusable   N/A       N/A         3

Dungeon Overview and Level Annotations

Branches:
Dungeon (15/15)            Temple (1/1) D:4            Lair (5/5) D:9
  Swamp (0/4) Lair:2       Spider (0/4) Lair:2        Slime (0/5) Lair:5
    Orc (2/2) D:12            Elf (1/3) Orc:2        Vaults (0/5) D:13
 Depths (0/4) D:15         Bailey (visited)         Gauntlet (visited)

Altars:
Dithmenos
Elyvilon
Qazlal
Ru
Trog
Uskayaw
Vehumet
Xom
Yredelemnul
Zin
The Shining One
Jiyva

Shops:
D:6 ?   D:13 [   D:14 =   Orc:1 (   Orc:2 ?[!?((

Portals:
Trove: D:10 (give +3 shadow dragon scales)

Annotations:
Elf:1 kalagan's ghost, journeyman DECj; laros's ghost, journeyman MiBe; tykejmi's ghost, journeyman DrEE


Innate Abilities, Weirdness & Mutations

You cannot be hasted, slowed, berserked, paralysed or teleported.
You can dig through walls and to a lower floor.
You have a pair of large antennae on your head. (SInv)
Your four strong arms can wield two-handed weapons with a shield.


Message History

Kalagan's ghost hits you but does no damage.
Okay, then.
You slice ruby's ghost!! You burn ruby's ghost!
You destroy ruby's ghost!
You barely miss kalagan's ghost.
Kalagan's ghost hits you but does no damage.
Okay, then.
Okay, then.
You closely miss laros's ghost.
Laros's ghost is heavily damaged.
You hit kalagan's ghost but do no damage.
Laros's ghost hits you!
* * * LOW HITPOINT WARNING * * *
Kalagan's ghost points at you and mumbles some strange words.
The magic dart hits you.
* * * LOW HITPOINT WARNING * * *
You are confused.
You feel invigorated.
Kalagan's ghost hits you but does no damage.
Laros's ghost hits you!
* * * LOW HITPOINT WARNING * * *
You bump into the rock wall.
Kalagan's ghost says, "They lied to you.
The Dungeon just goes down and down forever."
Kalagan's ghost hits you but does no damage.
Laros's ghost hits you but does no damage.
You miss laros's ghost.
Laros's ghost is heavily damaged.
You miss kalagan's ghost.
Kalagan's ghost points at you and mumbles some strange words.
The iron shot hits you.
* * * LOW HITPOINT WARNING * * *
Laros's ghost closely misses you.
Laros's ghost mumbles, "They all look like pillowcases to me..."
Unknown command.
Unknown command.
Kalagan's ghost hits you but does no damage.
Unknown command.
Kalagan's ghost points at you and mumbles some strange words.
The iron shot hits you!!!
You die...

##.# #......# #.#####.# #..##
##.# #######.######.### #.###...#
...###.?8.##..........###.##.....
#####8....#..#####.....##.###...#
## !.....#..# #.......#.# #....
.## ).....'..## #.......#.# ##.##
#.##8.....'..*###.........# #.#
##.#......'....W.......#### #.##
###?.....#..##W@.....#### #.##
##.##8....#...W..........#####.#.
#...##$.8)#......................
.##########..............#####.#.
.# #...................# #.## .#
##.....#............# ###.## .#
##...###.........#.###..... ##
##+## #.........#.#....... #.#
##..........#.......


You could see a battlesphere, kalagan's ghost, laros's ghost and tykejmi's
ghost.

Vanquished Creatures
  Rupert (D:14)
  Frances (D:12)
  Kirke (Elf:1)
  The ghost of nms23 the Devastator, an adept DsCj of Vehumet (Elf:1)
  The ghost of ruby the Warrior, a journeyman DsGl of Okawaru (Elf:1)
  An orc warlord (Orc:2)
  A deep elf annihilator (Elf:1)
  A deep elf demonologist (Elf:1)
  Nessos (Lair:3)
  A minotaur (Gauntlet)
  Snorg (D:11)
  An ettin (Orc:1)
  Josephine (D:13)
  2 fire dragons (D:15)
  Fannar (D:12)
  Harold (Lair:1)
  3 hydras
  3 ogre magi
  An ice dragon (D:15)
  15 two-headed ogres
  6 centaur warriors
  A dancing weapon (Elf:1)
  6 boulder beetles
  2 tengu warriors (D:13)
  An orc high priest (Orc:1)
  Sonja (D:12)
  3 deep elf knights (Elf:1)
  A skyshark (Lair:5)
  2 fire crabs (D:13)
  8 skeletal warriors
  2 deep trolls
  2 deep elf archers (Elf:1)
  A wizard (D:15)
  15 deep elf pyromancers
  3 orc knights
  12 deep elf zephyrmancers (Elf:1)
  2 wolf spiders
  A necromancer (D:13)
  2 cyclopes (Orc:2)
  9 ugly things
  3 manticores
  An orc sorcerer (Orc:1)
  A guardian serpent (shapeshifter) (D:13)
  13 elephants
  4 black mambas
  20 cane toads
  2 gargoyles
  A smoke demon (Gauntlet)
  2 rime drakes
  6 komodo dragons
  A freezing wraith (D:10)
  A tengu conjurer (Gauntlet)
  A red devil (Gauntlet)
  2 polar bears
  7 meliai
  A queen bee (Lair:1)
  14 trolls
  2 tyrant leeches (Lair:5)
  Grinder (D:5)
  12 blink frogs
  6 slime creatures (D:12)
  A culicivora (Lair:2)
  A jumping spider (Lair:2)
  7 shadows
  9 wyverns
  A yak (shapeshifter) (D:13)
  8 wraiths
  A hog (shapeshifter) (D:14)
  35 yaks
  4 basilisks
  3 steam dragons
  A human (shapeshifter) (D:13)
  5 redbacks (Lair:2)
  13 vampire mosquitoes
  3 wargs
  15 water moccasins
  30 orc warriors
  An ice beast (D:4)
  6 wolves (Lair:2)
  17 centaurs
  25 ogres
  2 kobold brigands
  3 phantoms
  An earth elemental (Elf:1)
  7 gnoll sergeants
  21 bullfrogs
  11 wights
  24 killer bees
  A troll zombie (D:12)
  5 electric eels
  5 howler monkeys
  4 crimson imps
  A jelly (D:5)
  14 hounds
  8 orc priests
  3 gnoll boudas (D:7)
  3 sleepcaps
  Terence (D:3)
  2 iguanas
  23 orc wizards
  5 ogre zombies (D:12)
  6 adders
  57 gnolls
  A white imp (D:7)
  An ufetubus (D:6)
  4 worms
  2 dart slugs
  83 orcs
  10 endoplasms
  A giant cockroach (D:4)
  7 goblins
  4 hobgoblins
  5 jackals (D:7)
  7 kobolds
  6 quokkas
  3 ball pythons
  A bat (D:3)
  A frilled lizard (D:2)
  A goblin skeleton (D:12)
  4 goblin zombies (D:12)
  A hobgoblin zombie (D:12)
  3 orc skeletons (D:12)
  10 orc zombies (D:12)
  8 rats
776 creatures vanquished.

Vanquished Creatures (collateral kills)
  A crimson imp (Gauntlet)
1 creature vanquished.

Vanquished Creatures (others)
  An ogre mage (D:10)
  5 humans (Elf:1)
6 creatures vanquished.

Grand Total: 783 creatures vanquished

Notes
Turn   | Place    | Note
-------+----------+-------------------------------------------
     0 | D:1      | Ivernyr the Formicid Fighter began the quest for the Orb.
     0 | D:1      | Reached XP level 1. HP: 18/18 MP: 1/1
   156 | D:1      | Reached XP level 2. HP: 24/24 MP: 2/2
   754 | D:2      | Reached XP level 3. HP: 23/29 MP: 3/3
   786 | D:2      | Identified the +5 ring mail of the Cockroach {Str+4}
   982 | D:2      | Reached skill level 3 in Axes
   982 | D:2      | Reached XP level 4. HP: 37/37 MP: 4/4
  1281 | D:3      | Found a hide-covered altar of Uskayaw.
  1405 | D:2      | Reached XP level 5. HP: 41/42 MP: 5/5
  1600 | D:3      | Noticed Terence
  1618 | D:3      | Killed Terence
  1985 | D:4      | Found a staircase to the Ecumenical Temple.
  2003 | Temple   | Entered the Ecumenical Temple
  2017 | Temple   | Became a worshipper of Zin the Law-Giver
  2017 | Temple   | Reached * piety under Zin
  2134 | D:4      | Noticed a phantom
  2149 | D:4      | Killed a phantom
  2150 | D:4      | Reached skill level 4 in Axes
  2150 | D:4      | Reached skill level 5 in Shields
  2150 | D:4      | Reached XP level 6. HP: 32/48 MP: 6/6
  2290 | D:4      | Noticed an ice beast
  2299 | D:4      | Killed an ice beast
  2546 | D:5      | Entered Level 5 of the Dungeon
  2618 | D:5      | Reached XP level 7. HP: 55/55 MP: 7/7
  2722 | D:5      | Noticed Grinder
  2738 | D:5      | Killed Grinder
  2739 | D:5      | Reached skill level 5 in Axes
  2760 | D:5      | Reached skill level 5 in Fighting
  2890 | D:5      | Reached skill level 5 in Armour
  3072 | D:5      | Reached ** piety under Zin
  3185 | D:5      | Reached XP level 8. HP: 55/62 MP: 8/8
  3559 | D:6      | Reached skill level 1 in Invocations
  3863 | D:6      | You fall into a shaft and drop 1 floor!
  4075 | D:6      | Reached skill level 6 in Axes
  4132 | D:6      | Found Weisunoe's Magic Scroll Shop.
  4451 | D:6      | Reached XP level 9. HP: 63/69 MP: 9/11
  4580 | D:6      | Found a basalt altar of Yredelemnul.
  4580 | D:6      | Found a radiant altar of Vehumet.
  4587 | D:6      | Found a shimmering altar of Xom.
  4589 | D:6      | Found a sacrificial altar of Ru.
  4591 | D:6      | Found a white marble altar of Elyvilon.
  4852 | D:7      | Noticed a manticore
  4865 | D:6      | Killed a manticore
  4866 | D:6      | Reached skill level 7 in Axes
  5401 | D:7      | Reached *** piety under Zin
  5634 | D:7      | Reached skill level 8 in Axes
  5870 | D:7      | Reached XP level 10. HP: 77/77 MP: 13/13
  6490 | D:7      | Reached skill level 5 in Invocations
  6891 | D:8      | Reached **** piety under Zin
  6934 | D:8      | Reached skill level 9 in Axes
  7016 | D:8      | Found a flagged portal.
  7040 | Bailey   | Entered a bailey
  7365 | Bailey   | Got the Volume of Hoarfrost
  7366 | Bailey   | Noticed an orc knight
  7366 | Bailey   | Noticed an orc knight
  7379 | Bailey   | Killed an orc knight
  7380 | Bailey   | Reached XP level 11. HP: 66/86 MP: 15/15
  7400 | Bailey   | Killed an orc knight
  7964 | D:8      | Reached skill level 10 in Axes
  8350 | D:9      | Reached skill level 10 in Shields
  8555 | D:9      | Found a staircase to the Lair.
  9690 | Lair:1   | Entered Level 1 of the Lair of Beasts
  9705 | Lair:1   | Reached skill level 11 in Axes
  9713 | Lair:1   | Reached ***** piety under Zin
  9760 | Lair:1   | Reached XP level 12. HP: 94/94 MP: 17/17
  9783 | Lair:1   | Found a gate leading to a gauntlet.
  9789 | Gauntlet | Entered a Gauntlet
  9789 | Gauntlet | Noticed a death scarab
  9789 | Gauntlet | Found a transporter.
  9789 | Gauntlet | Found a runed translucent gate.
  9789 | Gauntlet | Found a transporter.
  9791 | Gauntlet | Found a transporter.
  9791 | Gauntlet | Found a transporter.
  9792 | Gauntlet | Found a runed translucent gate.
  9793 | Gauntlet | Found a runed translucent gate.
  9795 | Gauntlet | Found a transporter.
  9795 | Gauntlet | Found a transporter.
  9826 | Gauntlet | Found a transporter.
  9829 | Gauntlet | Found a transporter.
  9840 | Gauntlet | Found a transporter.
  9854 | Gauntlet | Found a runed translucent door.
  9856 | Gauntlet | Found a transporter.
  9858 | Gauntlet | Found a runed translucent door.
  9884 | Gauntlet | Found a transporter.
  9888 | Gauntlet | Found a transporter.
  9888 | Gauntlet | Noticed a tengu warrior
 10521 | Gauntlet | Identified the ring of Joehumoc {rPois Will+ MP-9 Dex+3}
 10526 | Gauntlet | Noticed a minotaur
 10533 | Gauntlet | Killed a minotaur
 10692 | Gauntlet | Found the +7 mace of Variability {chaos, chaos arc}
 10700 | Gauntlet | Identified the +2 helmet of Keskopto {rElec rC+ rCorr
                  | Dex-2}
 10751 | Lair:1   | Noticed Harold
 10758 | Lair:1   | Killed Harold
 11081 | Lair:1   | Reached skill level 12 in Axes
 12145 | Lair:2   | Reached skill level 10 in Armour
 12152 | Lair:2   | Reached XP level 13. HP: 85/103 MP: 19/19
 12157 | Lair:2   | Reached skill level 10 in Fighting
 12370 | Lair:2   | Found a staircase to the Swamp.
 12388 | Lair:2   | You fall into a shaft and drop 1 floor!
 12823 | Lair:2   | Found a hole to the Spider Nest.
 13223 | Lair:2   | Reached skill level 13 in Axes
 13636 | Lair:3   | Noticed Nessos
 13647 | Lair:3   | Killed Nessos
 14904 | Lair:4   | Noticed a seven-headed hydra
 15246 | Lair:4   | Killed a 15-headed hydra
 15247 | Lair:4   | Reached skill level 10 in Invocations
 15701 | Lair:5   | Entered Level 5 of the Lair of Beasts
 15701 | Lair:5   | Noticed an eight-headed hydra
 16077 | Lair:4   | You fall into a shaft and drop 1 floor!
 16312 | Lair:5   | Found a staircase to the Slime Pits.
 16382 | Lair:5   | Reached XP level 14. HP: 99/110 MP: 21/21
 16591 | Lair:5   | Reached skill level 14 in Axes
 17469 | Lair:5   | Identified the orb of the Screaming Gods {guile, Str+8}
 17680 | Lair:5   | Found a viscous altar of Jiyva.
 17851 | D:10     | Entered Level 10 of the Dungeon
 18186 | D:10     | Found a portal to a secret trove of treasure.
 18196 | D:10     | Found a shadowy altar of Dithmenos.
 19435 | D:12     | Noticed Sonja
 19437 | D:12     | Noticed Snorg
 19994 | D:11     | Zin protects you from harm!
 19995 | D:11     | Killed Snorg
 20268 | D:12     | Killed Sonja
 20347 | D:12     | Found a staircase to the Orcish Mines.
 20526 | D:12     | Reached XP level 15. HP: 107/120 MP: 23/23
 20529 | D:12     | Reached skill level 15 in Axes
 20566 | D:12     | Noticed Frances
 20575 | D:12     | Killed Frances
 21098 | D:12     | Noticed Fannar
 21108 | D:12     | Killed Fannar
 21259 | D:13     | Noticed Josephine
 21272 | D:13     | Killed Josephine
 21595 | D:13     | Found Enelean's Antique Armour Emporium.
 21752 | D:13     | You fall into a shaft and drop 1 floor!
 22240 | D:14     | Reached ****** piety under Zin
 22474 | D:14     | Noticed Rupert
 22488 | D:14     | Killed Rupert
 22643 | D:14     | Found Giqiate's Jewellery Shop.
 23026 | D:13     | Reached skill level 15 in Shields
 23208 | D:13     | Got the Opusculum on the Bright Band
 23329 | D:13     | Found a gate to the Vaults.
 23493 | D:13     | Found a glowing golden altar of the Shining One.
 23630 | D:13     | Identified the +8 shortbow of Quick Death {freeze, *Slow
                  | rPois rC+ Will+}
 23737 | D:13     | Bought a glimmering scale mail for 234 gold pieces
 23737 | D:13     | Identified the +1 scale mail of Painted Amelioration
                  | {+Blink Int-5 Dex+5} (You bought it in a shop on level 13
                  | of the Dungeon)
 24084 | D:13     | Reached skill level 16 in Axes
 24355 | D:14     | Reached XP level 16. HP: 109/129 MP: 25/25
 24532 | D:15     | Entered Level 15 of the Dungeon
 24681 | D:15     | Found a staircase to the Depths.
 25668 | Orc:1    | Entered Level 1 of the Orcish Mines
 25805 | Orc:1    | Found a bloodstained altar of Trog.
 25876 | Orc:1    | Found Noricrecw's Antique Weapon Shop.
 26019 | Orc:2    | Entered Level 2 of the Orcish Mines
 26019 | Orc:2    | Found Xuiceg's Antique Armour Shoppe.
 27371 | Orc:2    | Found a staircase to the Elven Halls.
 27373 | Orc:2    | Found Unur's Weapon Shop.
 27623 | Orc:2    | Found Egommo's Distillery.
 27628 | Orc:2    | Found Goifuy's Antique Weapon Boutique.
 27629 | Orc:2    | Found Zypyos's Magic Scroll Boutique.
 27744 | Orc:2    | Found Ysyi's Magic Scroll Shoppe.
 28233 | Elf:1    | Entered Level 1 of the Elven Halls
 28238 | Elf:1    | Reached skill level 17 in Axes
 28244 | Elf:1    | Noticed Kirke
 28665 | Elf:1    | Killed Kirke
 28789 | Elf:1    | HP: 4/131 [rock wall collision (15)]
 29410 | Elf:1    | Reached XP level 17. HP: 122/137 MP: 27/27
 30920 | Elf:1    | Found a runed translucent gate.
 30920 | Elf:1    | Found a runed translucent gate.
 30920 | Elf:1    | Found a runed translucent gate.
 30921 | Elf:1    | Noticed tykejmi's ghost (journeyman DrEE)
 30921 | Elf:1    | Noticed kalagan's ghost (journeyman DECj)
 30922 | Elf:1    | Noticed nms23's ghost (adept DsCj)
 30922 | Elf:1    | Noticed laros's ghost (journeyman MiBe)
 30922 | Elf:1    | Noticed ruby's ghost (journeyman DsGl)
 31304 | Elf:1    | Killed nms23's ghost
 31307 | Elf:1    | Killed ruby's ghost
 31315 | Elf:1    | Killed from afar by kalagan's ghost

Illustrated notes

Levels and vault maps discovered:
D:1:      scummos_arrival_simple_crosswalls, layout_basic
D:2:      layout_rooms
D:3:      layout_rooms, nicolae_uskayaw_dance_hall, st_stairs_12, uniq_terence
D:4:      layout_cave_pools, minmay_temple_entry_stoned_glass
D:5:      layout_loops_corners, uniq_grinder
D:6:      layout_basic, chequers_temple_overflow_minitemple, serial_shops, shop,
          kennysheep_generic_room_16
D:7:      layout_cave_pools, serial_gnoll_camp, gnoll_camp_mini_basic,
          gnoll_camp_huts_moat, gnoll_camp_mini_doghouse,
          gnoll_camp_mini_doghouse
D:8:      layout_loops_cross, enter_bailey_4, nrook_mini_backslash,
          bh_walls_and_bars
D:9:      layout_cave_pods, minmay_lair_entry_grove,
          kennysheep_opposing_triangles
D:10:     minmay_curly_fans, layout_loops_cross, lemuel_crystal_altar,
          nicolae_trove_entry_free_sample
D:11:     layout_roguey, serial_glass, glass_columns_b, glass_columns_a,
          glass_columns_a, kennysheep_generic_room_8
D:12:     layout_roguey, zombieorc1_lemuel, nrook_pool_corridor, uniq_sonja,
          uniq_frances, uniq_snorg, uniq_fannar
D:13:     minmay_the_grid_square_5x5_3x3
          [minmay_the_grid_square_5x5_eight_small,
          minmay_the_grid_square_5x5_longway,
          minmay_the_grid_square_5x5_six_small, minmay_the_grid_square_5x5_v,
          minmay_the_grid_square_5x5_megaprize_crossed,
          minmay_the_grid_square_5x5_fancy_junction,
          minmay_the_grid_square_5x5_inset, minmay_the_grid_square_5x5_comb,
          minmay_the_grid_square_5x5_minimal], layout_basic, david_vaults_1,
          serial_rivers, chequers_serial_rivers_small_3,
          chequers_serial_rivers_room_a, chequers_serial_rivers_micro_a,
          chequers_serial_rivers_room_a, serial_shops,
          nicolae_inconvenience_store, tso_altar, uniq_josephine
D:14:     layout_loops_ring, serial_shops, shop_coins,
          infiniplex_staircase_door_maze, uniq_rupert
D:15:     grunt_enter_depths_hoard, layout_loops_ring, minmay_splitting_lines,
          minmay_misc_feat_rows, lightli_wizard_tower
Temple:   regret_index_temple_waves
Lair:1:   layout_roguey, gauntlet_entry_generic, special_room
          [special_room_bee], grunt_megastairs_5, uniq_harold
Lair:2:   layout_chaotic_city, swamp_mist, nicolae_spider_entry_tight_spaces,
          columned_hall_lemuel, serial_bayou_shore_a
Lair:3:   layout_cave_pods, lemuel_fruit_tree, grunt_megastairs_1, uniq_nessos
Lair:4:   layout_gridlike
Lair:5:   minmay_lair_end_frog_pond, layout_concentric_octagons,
          dpeg_slime_entry_corner, st_stairs_6
Orc:1:    layout_caves, basic_altar, serial_shops, shop, nicolae_orc_rockfall
Orc:2:    st_orc_open, layout_caves, basic_altar, serial_shops,
          nicolae_shop_rolled_up, shop, rock_pile
Elf:1:    minmay_elf_arrival_summoners, layout_loops_corners,
          gammafunk_ghost_cemetery, hangedman_elf_represent, uniq_kirke

Skill      XL: |  1  2  3  4  5  6  7  8  9 10 11 12 13 14 15 16 17 |
---------------+----------------------------------------------------+-----
Axes           | 3 4 5 6 8 9 11 12 13 14 16 17 | 17.4
Fighting       | 4 5 6 7 8 9 10 11 12 13 | 13.8
Armour         | 4 5 6 8 9 10 11 12 13 | 13.9
Shields        | 5 6 7 8 9 10 12 13 14 15 16 | 16.5
Invocations    | 2 4 6 7 9 10 11 12 13 14 | 14.0

Action                     |  1- 3 |  4- 6 |  7- 9 | 10-12 | 13-15 | 16-18 || total
---------------------------+-------+-------+-------+-------+-------+-------++-------
  Melee: War axe           |    71 |   141 |    15 |       |       |       ||   227
         Battleaxe         |       |       |    43 |       |       |       ||    43
         Executioner's axe |       |       |   177 |   561 |   654 |   317 ||  1709
 Invoke: Recite            |       |       |     1 |     3 |       |       ||     4
         Vitalisation      |       |       |       |     3 |     3 |     1 ||     7
         Sanctuary         |       |       |       |     1 |     2 |     1 ||     4
Ability: Shaft Self        |       |       |     1 |       |     2 |       ||     3
         Dig               |       |       |       |     2 |     2 |     1 ||     5
    Use: Scroll            |       |       |    12 |     7 |    13 |       ||    32
         Potion            |       |       |       |     4 |     6 |     2 ||    12
   Stab: Held in net/web   |       |       |     3 |       |       |       ||     3
         Invisible         |       |       |       |     2 |     4 |       ||     6
         Paralysed         |       |       |       |     1 |       |       ||     1
         Confused          |       |       |       |     1 |       |       ||     1
 Armour: Scale mail        |    16 |       |       |       |       |       ||    16
         Ring mail         |    11 |    46 |   110 |   201 |   292 |   118 ||   778
  Dodge: Dodged            |    28 |    58 |   131 |   295 |   261 |   113 ||   886
  Block: Buckler           |    26 |    64 |   157 |       |       |       ||   247
         Reflection        |     1 |       |     7 |    70 |    30 |    33 ||   141
         Kite shield       |       |       |    23 |   705 |   689 |   340 ||  1757
